 Dungeon Crawl Stone Soup version 0.27.1 (webtiles) character file.

Game seed: 18244685806169084035

482 Destapler the Sneak (level 6, -1/45 HPs)
             Began as a Spriggan Venom Mage on Aug 24, 2021.
             Was a Believer of Makhleb.
             Slain by an orc wizard (4 damage)
             ... on level 5 of the Dungeon.
             The game lasted 00:24:34 (5243 turns).

Destapler the Sneak (Spriggan Venom Mage)           Turns: 5243, Time: 00:24:35

Health: -1/45      AC:  2    Str:  4    XL:     6   Next: 87%
Magic:  12/13      EV: 17    Int: 19    God:    Makhleb [**....]
Gold:   176        SH:  0    Dex: 15    Spells: 9/13 levels left

rFire    . . .     SeeInvis +   p - +1 dagger (drain)
rCold    . . .     Faith    .   (shield restricted)
rNeg     . . .     Spirit   .   a - +0 robe
rPois    .         Reflect  .   (helmet restricted)
rElec    .         Harm     .   (no cloak)
rCorr    .         Rampage  .   (gloves unavailable)
Will     +....                  (boots unavailable)
Stlth    ..........             (no amulet)
HPRegen  0.15/turn              (no ring)
MPRegen  0.13/turn              (no ring)

@: berserking, attractive, very quick
A: very small, no large weapons, unfitting armour, see invisible, speed 3
a: Renounce Religion, Minor Destruction


You were on level 5 of the Dungeon.
You worshipped Makhleb.
Makhleb was pleased with you.
You visited 1 branch of the dungeon, and saw 5 of its levels.

You collected 176 gold pieces.

Inventory:

Hand Weapons
 b - a +0 dagger
 e - a +0 dagger of venom
 p - a +1 dagger of draining (weapon)
Missiles
 q - 4 boomerangs
 u - 2 throwing nets
Armour
 a - a +0 robe (worn)
Jewellery
 h - a ring of willpower
Wands
 k - a wand of flame (12)
Scrolls
 c - 2 scrolls of identify {unknown}
 f - 2 scrolls of blinking {unknown}
 g - a scroll of holy word {unknown}
 m - 2 scrolls of enchant armour {unknown}
 n - a scroll of acquirement {unknown}
 r - a scroll of noise {unknown}
 t - 2 scrolls of teleportation {unknown}
Potions
 d - a potion of attraction
 i - a potion of flight {unknown}
 l - a potion of cancellation {unknown}
 s - a potion of haste {unknown}


   Skills:
 - Level 2.0 Fighting
 - Level 3.0 Dodging
 + Level 5.3 Stealth
 - Level 4.0 Spellcasting
 + Level 1.5 Conjurations
 + Level 0.4 Translocations
 - Level 3.0 Transmutations
 + Level 2.1 Air Magic
 + Level 4.4 Poison Magic
 + Level 0.0 Invocations
 + Level 0.0 Evocations


You had 9 spell levels left.
You knew the following spells:

 Your Spells              Type           Power      Damage    Failure   Level
a - Sting                 Tmut/Pois      68%        1d6       3%          1
b - Mephitic Cloud        Conj/Pois/Air  14%        N/A       14%         3

Your spell library contained the following spells:

 Spells                   Type           Power      Damage    Failure   Level
 Poisonous Vapours        Pois/Air       32%        N/A       5%          2
 Olgreb's Toxic Radiance  Pois           20%        N/A       22%         4
 Gell's Gravitas          Tloc           2%         N/A       34%         3
 Teleport Other           Tloc           5%         N/A       34%         3
 Dispersal                Tloc           2%         N/A       100%        6
 Chain Lightning          Conj/Air       5%         3d6       100%        9
 Fire Storm               Conj/Fire      3%         8d1       100%        9


Dungeon Overview and Level Annotations

Branches:
Dungeon (5/15)             Temple (0/1) D:4

Altars:
Ashenzari
Makhleb
Xom

Shops:
D:3 *(*!

Annotations:
D:5 1 transporter


Innate Abilities, Weirdness & Mutations

You are very small and have problems with some larger weapons.
You are too small for most types of armour.
You have supernaturally acute eyesight. (SInv)
You cover ground extremely quickly. (Speed+++)


Message History

Casting: Sting (safe; 3% risk of failure)
Confirm with . or Enter, or press ? or * to list all spells.
Aiming: Sting (safe; 3% risk of failure)
Press: ? - help, Shift-Dir - straight line, f - orc
Aim: an orc, wielding a +0 club, wearing a +0 ring mail and carrying a wand of flame (16) (77% to hit)
The sting hits the orc but does no damage.
The orc is poisoned.
The gnoll sergeant shouts!
You hear a shout!
The orc wizard closely misses you.
The orc zaps a wand.
The puff of flame hits you.
The glob of acid hits the orc.
The orc is splashed with acid.
You kill the orc!
Makhleb accepts your kill. The orc wizard completely misses you.
The sting hits the orc wizard.
The orc wizard is poisoned.
The orc wizard is moderately wounded.
The orc wizard misses you. The bullfrog zombie hits you.
* * * LOW HITPOINT WARNING * * *
You hit the orc wizard.
The orc wizard is moderately wounded.
The bullfrog zombie closely misses you.
The orc wizard points at you and mumbles some strange words.
The magic dart hits you!
* * * LOW HITPOINT WARNING * * *
The orc wizard barely misses you.
It was a potion of attraction.
You feel attractive to monsters. The orc is pulled toward you!
It was a potion of curing.
You feel better.
The orc wizard hits you with a +0 dagger.
* * * LOW HITPOINT WARNING * * *
The orc wizard gestures at you while chanting.
The magic dart hits you.
* * * LOW HITPOINT WARNING * * *
The orc wizard is pulled toward you!
It was a potion of berserk rage.
A red film seems to cover your vision as you go berserk!
You feel yourself moving faster!
You feel mighty!
The orc wizard hits you with a +0 dagger.
You die...

# ... # #.# ... # #<# #.#
####.###### #.# ........).#
#.# ####.####.## #.#
###.###...### #.#
#......###..# #.# #.####.#
#..# #@# ##.# #.# #..###o#
#.# # ##.# ##...#.#.oZ# #.#
#. ##<#####.###...#.#######
#.# #.#
............)..........# #.#
#..
≈≈≈≈≈≈≈≈≈≈≈≈≈≈≈≈≈≈≈≈≈≈.###.#
#.#
≈≈≈≈≈≈≈≈≈≈≈≈≈≈≈≈≈≈≈≈≈≈..##.#
#..
####...........#####≈≈..##.#
### .
#.###.©.###.#g..#≈≈.)##.## #


You could see an orc wizard (poisoned), an orc and a bullfrog zombie.

Vanquished Creatures
  A centaur (D:5)
  A scorpion (D:4)
  2 jellies (D:4)
  A gnoll shaman (D:4)
  2 orc wizards (D:4)
  8 gnolls
  A howler monkey skeleton (D:4)
  3 adders
  An ufetubus (D:4)
  8 dart slugs
  10 orcs
  3 endoplasms
  4 giant cockroaches
  5 goblins
  4 hobgoblins
  2 jackals (D:1)
  8 kobolds
  3 quokkas
  7 ball pythons
  4 bats
  2 frilled lizards
  A quokka skeleton (D:4)
  4 rats (D:1)
85 creatures vanquished.

Vanquished Creatures (others)
  4 demonic plants (D:1)
  A plant (D:3)
5 creatures vanquished.

Grand Total: 90 creatures vanquished

Notes
Turn   | Place    | Note
-------+----------+-------------------------------------------
     0 | D:1      | Destapler the Spriggan Venom Mage began the quest for the
                  | Orb.
     0 | D:1      | Reached XP level 1. HP: 9/9 MP: 5/5
   152 | D:1      | Reached XP level 2. HP: 9/13 MP: 2/6
   624 | D:1      | Found a faded altar of an unknown god.
   634 | D:1      | Became a worshipper of Makhleb the Destroyer
   634 | D:1      | Reached * piety under Makhleb
   942 | D:1      | Reached XP level 3. HP: 17/17 MP: 5/8
  1446 | D:2      | Reached skill level 1 in Fighting
  2006 | D:3      | Found Efyfuhie's General Store.
  2215 | D:3      | Found Zauh's Assorted Antiques.
  2289 | D:3      | Found Plog's Antique Weapon Boutique.
  2316 | D:3      | Found Ykkugeh's Distillery.
  2438 | D:3      | Found a burning altar of Makhleb.
  3064 | D:4      | Learned a level 3 spell: Mephitic Cloud
  3065 | D:4      | Reached XP level 4. HP: 20/22 MP: 8/10
  3246 | D:4      | Noticed a scorpion
  3255 | D:4      | Killed a scorpion
  3256 | D:4      | Reached XP level 5. HP: 16/25 MP: 1/11
  3344 | D:3      | Reached skill level 4 in Stealth
  3529 | D:3      | Reached ** piety under Makhleb
  3769 | D:4      | Reached skill level 1 in Air Magic
  3871 | D:4      | Reached XP level 6. HP: 23/30 MP: 7/13
  3883 | D:4      | Reached skill level 1 in Conjurations
  4067 | D:4      | Found a broken altar of Ashenzari.
  4548 | D:4      | Found a staircase to the Ecumenical Temple.
  4783 | D:4      | Found a shimmering altar of Xom.
  4830 | D:5      | Entered Level 5 of the Dungeon
  4858 | D:5      | Reached skill level 5 in Stealth
  5095 | D:5      | Found a transporter.
  5199 | D:5      | Noticed an ice beast
  5243 | D:5      | Slain by an orc wizard

Illustrated notes

Levels and vault maps discovered:
D:1:      scummos_arrival_gate, layout_rooms, shapermc_ecumenical_altar_gd,
          chequers_arboretum, minivault_27
D:2:      layout_rooms, serial_curves, eino_curves_03, eino_curves_01
D:3:      layout_basic, mainiacjoe_overflow_brackets, serial_forest,
          infiniplex_forest_straight_2, infiniplex_forest_clump_long,
          infiniplex_forest_straight_3, infiniplex_forest_clump_tiny,
          infiniplex_forest_straight_3, infiniplex_forest_clump_curved,
          infiniplex_forest_clump_diagonal, serial_shops, shop, shop, shop, shop
D:4:      layout_rooms, mainiacjoe_overflow_catch_the_wave,
          minmay_temple_entry_nine_rooms, kennysheep_minor_cross,
          chequers_serial_rivers_micro_e
D:5:      layout_loops_ring, gammafunk_ghost_gnarly_gnolls, minivault_26,
          minmay_misc_feat_roman

Skill      XL: |  1  2  3  4  5  6 |
---------------+-------------------+-----
Dodging        | 3 |  3.0
Spellcasting   | 3 4 |  4.0
Transmutations | 2 3 |  3.0
Fighting       | 1 2 |  2.0
Stealth        | 4 5 |  5.3
Air Magic      | 1 2 |  2.1
Poison Magic   | 4 |  4.4
Conjurations   | 1 |  1.5
Translocations | |  0.4

Action                   |  1- 3 |  4- 6 || total
-------------------------+-------+-------++-------
Melee: Dagger            |    26 |    60 ||    86
       Unarmed           |     1 |       ||     1
Throw: Boomerang         |       |     1 ||     1
 Cast: Sting             |    76 |    78 ||   154
       Mephitic Cloud    |       |     3 ||     3
Invok: Minor Destruction |       |     1 ||     1
Evoke: Wand              |       |     2 ||     2
  Use: Potion            |       |     3 ||     3
 Stab: Sleeping          |     3 |       ||     3
       Confused          |       |     2 ||     2
Armor: Robe              |     5 |     5 ||    10
Dodge: Dodged            |    31 |    65 ||    96
